 Dungeon Crawl Stone Soup version 0.25-a0-681-gdf4e720381 (webtiles) character file.

Game seed: 11754528619730593687, levelgen mode: classic

38 EnegeticOcto the Skirmisher (level 3, 0/33 HPs)
             Began as a Formicid Wanderer on Mar 30, 2020.
             Succumbed to an adder's poison
             ... on level 2 of the Dungeon.
             The game lasted 00:03:11 (1669 turns).

EnegeticOcto the Skirmisher (Formicid Wanderer)     Turns: 1669, Time: 00:03:12

Health: 0/33       AC:  6    Str: 16    XL:     3   Next: 65%
Magic:  3/3        EV:  7    Int: 10    God:
Gold:   124        SH:  9    Dex: 12    Spells: 2/2 levels left

rFire    . . .     SeeInvis +   b - 8 javelins
rCold    . . .     Gourm    .   c - +0 kite shield
rNeg     . . .     Faith    .   n - +0 scale mail
rPois    .         Spirit   .   (helmet unavailable)
rElec    .         Reflect  .   (no cloak)
rCorr    .         Harm     .   (no gloves)
MR       +....                  (no boots)
Stlth    ..........             a - amulet of inaccuracy (curse)
HPRegen  0.11/turn              h - ring of protection from magic
MPRegen  0.08/turn              (no ring)

@: lethally poisoned (0 -> -2)
A: permanent stasis, dig shafts and tunnels, four strong arms, antennae 3
a: Dig, Shaft Self


You were on level 2 of the Dungeon.
You were very hungry.

You visited 1 branch of the dungeon, and saw 2 of its levels.

You collected 124 gold pieces.

Inventory:

Hand Weapons
 q - a +0 spear
Missiles
 b - 8 javelins (in hand)
 f - a poisoned dart (quivered)
 g - 4 boomerangs
Armour
 c - a +0 kite shield (worn)
 n - a +0 scale mail (worn)
Jewellery
 a - a cursed amulet of inaccuracy (around neck)
 h - a ring of protection from magic (left hand)
 p - an uncursed ring of fire
Scrolls
 d - 2 scrolls of identify {unknown}
 i - a scroll of immolation {unknown}
 j - 2 scrolls of teleportation {unknown}
 k - 4 scrolls of enchant weapon {unknown}
 m - a scroll of enchant armour {unknown}
 o - a scroll of amnesia {unknown}
Comestibles
 e - 7 rations


   Skills:
 + Level 5.0 Fighting
   Level 2.0 Short Blades
 * Level 0.5 Polearms
   Level 1.0 Bows
 - Level 1.0 Dodging
 + Level 3.5 Shields


You had 2 spell levels left.
You didn't know any spells.
Your spell library was empty.

Dungeon Overview and Level Annotations

Branches:
Dungeon (2/15)

Altars:
Dithmenos
Hepliaklqana
Uskayaw
Vehumet
Xom
Zin


Innate Abilities, Weirdness & Mutations

You cannot be hasted, slowed, berserked, paralysed or teleported.
You can dig through walls and to a lower floor.
Your four strong arms can wield two-handed weapons with a shield.
You have a pair of large antennae on your head. (SInv)


Message History

Aim: an adder (heavily wounded)
You throw a poisoned dart.
The poisoned dart closely misses the adder.
You feel sick. The adder bites you.
You are more poisoned.
The adder poisons you!
Throwing (i - inventory. (/) - cycle)
f - a poisoned dart (quivered)
Press: ? - help, Shift-Dir - straight line, f/p - adder
Aim: an adder (heavily wounded)
You throw a poisoned dart. The poisoned dart misses the adder.
The adder bites you. You block the adder's attack.
You hit the adder.
The adder is severely wounded.
You feel sick. The adder bites you but does no damage.
Okay, then.
It was a potion of ambrosia.
You are confused.
You feel invigorated.
You feel sick. The adder bites you but does no damage.
The adder bites you but does no damage. The adder bites you.
You are more poisoned.
The adder poisons you!
You bump into the rock wall.
You feel sick. The adder bites you but does no damage.
You miss the adder.
The adder is severely wounded.
You feel sick. The adder barely misses you.
The adder bites you but does no damage.
You feel less invigorated.
You feel less confused.
You feel sick. The adder bites you.
You are more poisoned.
The adder poisons you!
You hit the adder.
The adder is almost dead.
You feel sick. You block the adder's attack.
You closely miss the adder.
The adder is almost dead.
You feel sick. The adder bites you.
You are lethally poisoned!
The adder poisons you! The adder bites you but does no damage.
You hit the adder but do no damage.
The adder is almost dead.
You feel sick. The adder barely misses you.
You closely miss the adder.
The adder is almost dead.
You feel sick. You block the adder's attack. The adder barely misses you.
You hit the adder.
You kill the adder!
Your Fighting skill increases to level 5!
You feel sick.
You feel sick.
There is an open door here.
You see here a poisoned dart.
There isn't anything to butcher here.
Okay, then.
There isn't anything to butcher here.
Oops, that amulet feels deathly cold.
a - a cursed amulet of inaccuracy (around neck)
You feel sick.
Okay, then.
f - a poisoned dart You feel sick.
You feel sick.
You close the door.
* * * LOW HITPOINT WARNING * * *
You feel sick.
You swing at nothing.
* * * LOW HITPOINT WARNING * * *
You feel sick.
b - 8 javelins (in hand)
You swing at nothing.
* * * LOW HITPOINT WARNING * * *
You feel sick.
You swing at nothing.
* * * LOW HITPOINT WARNING * * *
You feel sick.
You swing at nothing.
* * * LOW HITPOINT WARNING * * *
You feel sick.
You swing at nothing.
* * * LOW HITPOINT WARNING * * *
You feel sick.
You swing at nothing.
You swing at nothing.
* * * LOW HITPOINT WARNING * * *
You feel sick.
You swing at nothing.
* * * LOW HITPOINT WARNING * * *
You feel sick.
You swing at nothing.
You swing at nothing.
* * * LOW HITPOINT WARNING * * *
You feel sick.
You swing at nothing.
You swing at nothing.
* * * LOW HITPOINT WARNING * * *
You feel sick.
You swing at nothing.
You swing at nothing.
You die...

#+#### #.#.#..#.#.#######
... ...................
.... ##.#.#........####.
....# ...#.............#
#.... ...............#.##
#####
###################.##.#
.
..................#.##.#
#.####.####.####.#.##.##.
+.+@.#.#8.#.#....##.
#.#..#.#..#.#.#..##.
#.##+#.##'#.#.#..##.
............#.#..##.
+#.##+#.##'#.#.#..##. #.#
#.#..#.#.#..##. #.#
+.'..#.#.......
#.####.####.#.#..##.
.............#.......


There were no monsters in sight!

Vanquished Creatures
  An adder (D:2)
  A worm (D:1)
  A ball python (D:2)
  2 giant cockroaches (D:1)
  4 goblins (D:1)
  4 hobgoblins
  2 jackals (D:1)
  3 bats (D:1)
  A frilled lizard (D:1)
  3 kobolds (D:1)
  3 rats (D:1)
25 creatures vanquished.

Notes
Turn   | Place    | Note
-------+----------+-------------------------------------------
     0 | D:1      | EnegeticOcto the Formicid Wanderer began the quest for the
                  | Orb.
     0 | D:1      | EnegeticOcto set off with the following items: a +0 short
                  | sword, a +0 ring mail, a +0 kite shield, a ration
     0 | D:1      | Reached XP level 1. HP: 20/20 MP: 1/1
   123 | D:1      | Reached XP level 2. HP: 26/26 MP: 2/2
   521 | D:1      | Reached XP level 3. HP: 29/32 MP: 3/3
  1342 | D:2      | Found a glowing silver altar of Zin,
  1342 | D:2      | Found a hazy altar of Hepliaklqana,
  1343 | D:2      | Found a hide-covered altar of Uskayaw,
  1343 | D:2      | Found a shimmering altar of Xom,
  1344 | D:2      | Found a radiant altar of Vehumet,
  1357 | D:2      | Found a shadowy altar of Dithmenos,
  1649 | D:2      | Reached skill level 5 in Fighting
  1667 | D:2      | HP: 1/33 [poisoned by an adder]
  1669 | D:2      | Succumbed to an adder's poison

Levels and vault maps discovered:
D:1:      heliophobic_arrival_enchanted_forest, layout_loops_ring, minivault_19
D:2:      minmay_door_path, layout_basic, grunt_temple_overflow_open,
          grunt_ministairs_14, nicolae_dithmenos_shadow_blocks

Skill      XL: |  1  2  3 |
---------------+----------+-----
Shields        | 3 |  3.5
Fighting       | 5 |  5.0
Short Blades   | |  2.0
Polearms       | |  0.5
Bows           | |  1.0
Dodging        | |  1.0

Action                   || total
-------------------------++-------
Melee: Short sword       ||    71
       Spear             ||    28
Throw: Dart              ||     2
  Use: Potion            ||     1
  Eat: Chunk             ||     1
Armor: Ring mail         ||    25
       Scale mail        ||    12
Dodge: Dodged            ||    35
Block: Kite shield       ||    37

Table legend:
 A = Non-vault XP
 B = Vault XP
 C = Vault XP percentage of total XP
 D = Non-vault monster count
 E = Vault monster count
 F = Vault count percentage of total count
                 A         B        C        D         E       F
            +---------+---------+-------+---------+---------+-------
      Total |      35 |      20 |  36.4 |      22 |       3 |  12.0
            +---------+---------+-------+---------+---------+-------
        D:1 |      31 |       5 |  13.9 |      20 |       1 |   4.8
        D:2 |       4 |      15 |  78.9 |       2 |       2 |  50.0
            +---------+---------+-------+---------+---------+-------
